 Dungeon Crawl Stone Soup version 0.27-a0-1116-g91b3acb402 (webtiles) character file.

Game seed: 1326792501207758423

186 ytrimaz the Covert (level 5, -3/34 HPs)
             Began as an Octopode Brigand on May 2, 2021.
             Slain by Pikel
             ... wielding a +2 whip of flaming
              (11 damage)
             ... on level 4 of the Dungeon.
             The game lasted 00:05:05 (4190 turns).

ytrimaz the Covert (Octopode Brigand)               Turns: 4190, Time: 00:05:06

Health: -3/34      AC:  1    Str:  8    XL:     5   Next: 65%
Magic:  5/5        EV: 12    Int: 13    God:
Gold:   140        SH:  0    Dex: 15    Spells: 4/4 levels left

rFire    . . .     SeeInvis .   a - +2 dagger
rCold    + . .     Faith    .   (no shield)
rNeg     . . .     Spirit   .   (helmet restricted)
rPois    .         Reflect  .   (no amulet)
rElec    .         Harm     .   (no ring)
rCorr    .         Rampage  .   (no ring)
Will     .....     Rnd*Rage +   (no ring)
Stlth    +++++.....             (no ring)
HPRegen  0.11/turn              (no ring)
MPRegen  0.09/turn              (no ring)
                                (no ring)
                                (no ring)

@: no status effects
A: almost no armour, amphibious, 8 rings, camouflage 1, gelatinous body 1,
(nimble swimmer 1), tentacles, berserk 1, cold resistance 1, weak 1, wild magic
1
a: no special abilities


You were on level 4 of the Dungeon.
You visited 1 branch of the dungeon, and saw 4 of its levels.

You collected 140 gold pieces.

Inventory:

Hand Weapons
 a - a +2 dagger (weapon)
Missiles
 b - 8 poisoned darts (quivered)
 c - 2 curare-tipped darts
Scrolls
 e - 2 scrolls of teleportation
 h - a scroll of torment
Potions
 d - a potion of attraction
 f - a potion of haste {unknown}
 m - a potion of curing


   Skills:
 - Level 2.0 Fighting
 + Level 3.2 Short Blades
 + Level 2.1 Throwing
 - Level 1.0 Dodging
 + Level 8.5 Stealth


You had 4 spell levels left.
You didn't know any spells.
Your spell library was empty.

Dungeon Overview and Level Annotations

Branches:
Dungeon (4/15)
 Temple: D:4-7

Altars:
Yredelemnul

Annotations:
D:4 Pikel


Innate Abilities, Weirdness & Mutations

You cannot wear most types of armour.
You are amphibious.
You can wear up to eight rings at the same time.
Your skin changes colour to match your surroundings (Stealth+).
Your rubbery body absorbs attacks. (AC +1, EV +1)
((You are camouflaged near water. (Stealth+)))
You have tentacles for arms and can constrict up to eight enemies at once.
You tend to lose your temper in combat.
Your flesh is cold resistant. (rC+)
You are weak. (Str -2)
Your spells are a little harder to cast, but a little more powerful.


Message History

You constrict the lemure, but do no damage.
The lemure hits you.
You hit the lemure.
You kill the lemure!
That felt strangely unrewarding.
Things that are here:
a +0 short sword; a ball python skeleton You start resting.
HP restored.
Unknown command.
Pikel shouts!
You hear a shout!
Pikel barely misses you.
You barely miss Pikel. You grab Pikel. You constrict Pikel, but do no damage.
Pikel barely misses you.
You hit Pikel.
Pikel is lightly wounded.
You constrict Pikel, but do no damage.
Pikel hits you with a +2 whip of flaming!
Pikel burns you.
You hit Pikel but do no damage. You squeeze Pikel, but do no damage.
Pikel is lightly wounded.
You constrict Pikel.
Pikel hits you with a +2 whip of flaming.
Pikel burns you.
You hit Pikel.
Pikel is lightly wounded.
You constrict Pikel, but do no damage. You hit Pikel but do no damage.
Pikel is lightly wounded.
You constrict Pikel, but do no damage.
Pikel hits you with a +2 whip of flaming!
* * * LOW HITPOINT WARNING * * *
Pikel burns you.
* * * LOW HITPOINT WARNING * * *
A lemure comes into view.
You hit Pikel but do no damage.
Pikel is lightly wounded.
You constrict Pikel, but do no damage.
Pikel hits you with a +2 whip of flaming!
You die...

.............##
............#.#
............#.###
...........##...########
..........###.#.........
.........###.#########..
........###..#
.......###..## ##@##
##K## ##5## #.5#
#..#...55.. #.# ..K5...
#.# ####### #.. #..


You could see Pikel and 2 lemures.

Vanquished Creatures
  A lemure (D:4)
  A scorpion (D:4)
  A jelly (D:3)
  4 adders
  3 worms (D:2)
  4 orcs (D:3)
  7 ball pythons
  6 endoplasms
  A giant cockroach (D:1)
  3 goblins
  6 hobgoblins
  2 quokkas (D:2)
  6 bats
  3 frilled lizards (D:1)
  3 kobolds
  6 rats
57 creatures vanquished.

Vanquished Creatures (others)
  7 plants (D:1)
7 creatures vanquished.

Grand Total: 64 creatures vanquished

Notes
Turn   | Place    | Note
-------+----------+-------------------------------------------
     0 | D:1      | ytrimaz the Octopode Brigand began the quest for the Orb.
     0 | D:1      | Reached XP level 1. HP: 14/14 MP: 1/1
   321 | D:1      | Reached XP level 2. HP: 19/19 MP: 2/2
   538 | D:1      | Reached skill level 6 in Stealth
   802 | D:1      | Found a faded altar of an unknown god.
   899 | D:1      | You fall into a shaft and drop 1 floor!
   996 | D:2      | You fall into a shaft and drop 1 floor!
  1005 | D:3      | Reached XP level 3. HP: 23/24 MP: 3/3
  1134 | D:2      | Gained mutation: You are weak. (Str -2) [potion of
                  | mutation]
  1134 | D:2      | Gained mutation: You tend to lose your temper in combat.
                  | [potion of mutation]
  1134 | D:2      | Gained mutation: Your flesh is cold resistant. (rC+)
                  | [potion of mutation]
  1134 | D:2      | Gained mutation: Your spells are a little harder to cast,
                  | but a little more powerful. [potion of mutation]
  2154 | D:2      | Reached skill level 7 in Stealth
  2154 | D:2      | Reached XP level 4. HP: 29/29 MP: 4/4
  2953 | D:3      | Found a basalt altar of Yredelemnul.
  3714 | D:3      | Reached XP level 5. HP: 34/34 MP: 5/5
  3742 | D:3      | Reached skill level 8 in Stealth
  4133 | D:4      | Noticed Pikel
  4133 | D:4      | Noticed a lemure
  4133 | D:4      | Noticed a lemure
  4133 | D:4      | Noticed a lemure
  4166 | D:4      | Killed a lemure
  4189 | D:4      | Noticed a lemure
  4190 | D:4      | Slain by Pikel

Illustrated notes

Levels and vault maps discovered:
D:1:      beargit_arrival_diablo_church, layout_loops_ring,
          chequers_ecumenical_altar_lobes, chequers_serial_rivers_large_a,
          hangedman_decor_slide_cut, st_stairs_9, chequers_big_river
D:2:      layout_loops_ring, kennysheep_cross_bottleneck
D:3:      layout_rooms, nicolae_overflow_crystal_walls, grunt_ministairs_12
D:4:      layout_cave_pods, roderic_roman_lattice, uniq_pikel

Skill      XL: |  1  2  3  4  5 |
---------------+----------------+-----
Stealth        | 6 7 8 |  8.5
Short Blades   | 3 |  3.2
Fighting       | |  2.0
Throwing       | |  2.1
Dodging        | |  1.0

Action                   |  1- 3 |  4- 6 || total
-------------------------+-------+-------++-------
Melee: Dagger            |    62 |    69 ||   131
       Constrict         |    14 |    13 ||    27
       Tentacles         |    10 |    13 ||    23
  Use: Scroll            |     8 |     2 ||    10
       Potion            |     5 |     2 ||     7
 Stab: Sleeping          |    13 |     6 ||    19
Armor: Skin              |     4 |     3 ||     7
Dodge: Dodged            |    34 |    31 ||    65

Table legend: (Time is in decaauts)
 A = Elapsed time spent in this place.
 B = Non-inter-level travel time spent in this place.
 C = Inter-level travel time spent in this place.
 D = Time resting spent in this place.
 E = Time spent auto-exploring this place.
 F = Levels seen in this place.
 G = Mean time per level.
                   A        B        C        D        E       F      G
               +--------+--------+--------+--------+--------+-----+--------+
         Total |   4175 |   4055 |    120 |   1109 |   2437 |   4 | 1043.8 |
       Dungeon |   4175 |   4055 |    120 |   1109 |   2437 |   4 | 1043.8 |
               +--------+--------+--------+--------+--------+-----+--------+

Top non-repeatable levels by time:
     D:1: 1373 daAuts
     D:3: 1286 daAuts
     D:2: 1146 daAuts
     D:4: 368 daAuts
